 Dungeon Crawl Stone Soup version 0.19-a0-683-g5f2401d (webtiles) character file.

6931 matakusis the Covert (level 10, -13/63 HPs)
             Began as a Vampire Enchanter on June 17, 2016.
             Was a Believer of Dithmenos.
             Splashed by an oklob plant's acid (14 damage)
             ... on level 1 of the Lair of Beasts.
             The game lasted 00:48:55 (7930 turns).

matakusis the Covert (Vampire Enchanter)            Turns: 7930, Time: 00:48:56

Health: -13/63     AC:  1    Str:  7    XL:     10   Next: 80%
Magic:  21/21      EV: 16    Int: 18    God:    Dithmenos [**....]
Gold:   509        SH:  0    Dex: 18    Spells: 6 memorised, 7 levels left

rFire  . . .     SeeInvis +     z - +2 short sword (venom)
rCold  . . .     Gourm    .     b - +1 robe
rNeg   . . .     Faith    .     (no shield)
rPois  .         Spirit   .     (helmet restricted)
rElec  .         Dismiss  .     (no cloak)
rCorr  .         Reflect  .     l - +1 pair of gloves
SustAt .         Harm     .     (no boots)
MR     +....     Rnd*Tele +     g - amulet of magic regeneration
Stlth  +++++++++.               p - +6 ring of slaying
                                q - ring of teleportation (curse)

@: corroded, regenerating quickly, wreathed by umbra, somewhat resistant to
hostile enchantments, incredibly stealthy
A: antennae 1, fangs 3, see invisible, unbreathing, MP-powered wands
a: Shadow Step, Renounce Religion


You were on level 1 of the Lair of Beasts.
You worshipped Dithmenos.
Dithmenos was pleased with you.
You were very full.

You visited 3 branches of the dungeon, and saw 10 of its levels.

You collected 509 gold pieces.

Inventory:

Hand Weapons
 z - a +2 short sword of venom (weapon)
Missiles
 m - 5 needles of confusion
 F - 2 throwing nets (quivered)
Armour
 b - a +1 robe (worn)
 l - a +1 pair of gloves (worn)
Jewellery
 g - an amulet of magic regeneration (around neck)
 i - an uncursed ring of fire
 p - a +6 ring of slaying (right hand)
 q - a cursed ring of teleportation (left hand)
 v - an uncursed ring of protection from magic {unknown}
Wands
 e - a wand of lightning (2/15)
 C - a wand of slowing (25/48)
Scrolls
 a - 3 scrolls of identify
 f - 2 scrolls of enchant weapon
 k - 2 scrolls of teleportation
 t - 2 scrolls of fog
 w - 2 scrolls of vulnerability
 y - 2 scrolls of magic mapping
 A - a scroll of fear
 E - a scroll of enchant armour
Potions
 d - 13 potions of blood
 h - 2 potions of lignification
 j - 3 potions of cancellation
 r - a potion of resistance
 s - 3 potions of curing
 u - 2 potions of flight
 x - a potion of cure mutation
 B - a potion of agility
Books
 c - a book of Maledictions

   Spells                             Type                      Level
   a - Corona                         Hexes                        1
   b - Ensorcelled Hibernation        Hexes/Ice                    2
   c - Confuse                        Hexes                        3
   d - Tukima's Dance                 Hexes                        3
   e - Dazzling Spray                 Conjuration/Hexes            3
 n - a Grand Grimoire

   Spells                             Type                      Level
   a - Monstrous Menagerie            Summoning                    7
   b - Summon Greater Demon           Summoning                    7
   c - Malign Gateway                 Summoning/Translocation      7
   d - Summon Horrible Things         Summoning                    8
 o - a book of Party Tricks

   Spells                             Type                      Level
   a - Summon Butterflies             Summoning                    1
   b - Apportation                    Translocation                1
   c - Tukima's Dance                 Hexes                        3
   d - Alistair's Intoxication        Transmutation/Poison         5
   e - Invisibility                   Hexes                        6


   Skills:
 + Level 4.1 Short Blades
 + Level 5.5 Dodging
 * Level 14.6 Stealth
 + Level 7.6 Spellcasting
 + Level 11.3 Hexes
 * Level 5.4 Summonings


You had 7 spell levels left.
You knew the following spells:

 Your Spells              Type           Power        Failure   Level  Hunger
a - Corona                Hex            #####..      1%          1    None
b - Confuse               Hex            #####...     1%          3    #......
c - Tukima's Dance        Hex            #####...     1%          3    #......
d - Dazzling Spray        Conj/Hex       ####..       2%          3    #......
e - Summon Butterflies    Summ           ####....     1%          1    None
f - Invisibility          Hex            #####...     17%         6    ######.


Dungeon Overview and Level Annotations

Branches:
Dungeon (8/15)             Temple (1/1) D:5            Lair (1/6) D:8

Altars:
Ashenzari
Cheibriados
Dithmenos
Elyvilon
Fedhas
Gozag
Hepliaklqana
Kikubaaqudgha
Makhleb
Nemelex Xobeh
Okawaru
Pakellas
Qazlal
Ru
Sif Muna
Trog
Uskayaw
Vehumet
Xom
Yredelemnul
Zin
The Shining One

Annotations:
Lair:1 exclusion: oklob plant


Innate Abilities, Weirdness & Mutations

Your natural rate of healing is unusually fast.
You have razor-sharp teeth.
You have supernaturally acute eyesight. (SInv)
You can survive without breathing.
You have a pair of small antennae on your head.
You expend magic power (3 MP) to strengthen your wands.


Message History

You puncture the bush!
The bush is moderately damaged.
You hit the bush.
The bush is moderately damaged.
You hit the bush. You bite the bush, but do no damage.
The bush is moderately damaged.
You hit the bush.
The bush is poisoned.
The bush is moderately damaged.
The komodo dragon closely misses you. The oklob plant spits acid at you.
The splash of acid hits you! The acid corrodes you!
The acid burns!
You hit the bush but do no damage.
The bush looks even sicker.
The bush is moderately damaged.
The komodo dragon bites you!!
* * * LOW HITPOINT WARNING * * *
The oklob plant spits acid at you. The splash of acid hits you!
* * * LOW HITPOINT WARNING * * *
The acid burns!
You die...

##.. .... #..P.
...$. #.... .....
#..... ......
#....PPP.....)
#....PPP(.....
#....PPP......
#P...l@....>.. ##
##............
.##.####.........#.#
................##.#
#.............### #
#............##
#............##
#.............#
#...........#...#


You could see an oklob plant and a komodo dragon.

Vanquished Creatures
  Erolcha (D:8)
  The ghost of CcS the Cleaver, a novice HOGl (D:4)
  A komodo dragon (Lair:1)
  2 two-headed ogres (D:8)
  4 yaks (Lair:1)
  Eustachio (D:5)
  A hippogriff (D:7)
  Grum (D:8)
  A hungry ghost (D:8)
  Menkaure (D:6)
  A water moccasin (Lair:1)
  2 hell hounds (D:8)
  2 sky beasts
  A black bear (D:8)
  4 orc warriors
  A phantom (D:5)
  2 wolves (D:8)
  2 centaurs
  3 ogres
  A big kobold (D:8)
  A gnoll sergeant (D:7)
  A wyvern zombie (D:7)
  5 giant frogs
  4 scorpions
  5 killer bees (D:7)
  2 wights (D:8)
  A howler monkey (D:8)
  5 crimson imps
  4 jellies
  5 hounds
  A centaur skeleton (D:7)
  5 orc priests
  3 giant frog skeletons
  3 iguanas
  8 orc wizards
  6 worker ants
  3 hound skeletons
  6 adders
  3 gnolls (D:7)
  5 river rats (Lair:1)
  A shadow imp (D:6)
  4 adder skeletons
  2 adder zombies (D:3)
  3 worms
  3 dart slugs
  7 giant geckos
  29 orcs
  6 giant cockroaches
  7 goblins
  5 hobgoblins
  10 kobolds
  4 quokkas
  8 bats
  A giant gecko zombie (D:3)
  4 giant newts
  A jackal zombie (D:3)
  A quokka skeleton (D:4)
  7 rats
212 creatures vanquished.

Vanquished Creatures (collateral kills)
  A wight (D:8)
1 creature vanquished.

Vanquished Creatures (others)
  A dancing weapon (D:4)
  An orc wizard (D:4)
  5 toadstools (D:1)
7 creatures vanquished.

Grand Total: 220 creatures vanquished

Notes
Turn   | Place    | Note
--------------------------------------------------------------
     0 | D:1      | matakusis the Vampire Enchanter began the quest for the Orb.
     0 | D:1      | Reached XP level 1. HP: 13/13 MP: 3/3
   246 | D:1      | Reached XP level 2. HP: 5/19 MP: 1/5
   752 | D:2      | Reached skill level 5 in Stealth
   907 | D:2      | Reached skill level 5 in Hexes
   907 | D:2      | Reached XP level 3. HP: 24/24 MP: 3/6
  1132 | D:2      | Learned a level 3 spell: Confuse
  1630 | D:3      | Reached XP level 4. HP: 26/30 MP: 3/7
  2011 | D:3      | Found a sparkling altar of Nemelex Xobeh.
  2191 | D:3      | Reached skill level 6 in Stealth
  2218 | D:3      | Reached XP level 5. HP: 30/35 MP: 0/9
  2568 | D:3      | Learned a level 3 spell: Tukima's Dance
  2792 | D:4      | Reached skill level 7 in Stealth
  2906 | D:4      | Reached XP level 6. HP: 28/41 MP: 2/10
  2962 | D:4      | Noticed CcS's ghost (novice HOGl)
  3052 | D:4      | Killed CcS's ghost
  3052 | D:4      | Reached skill level 8 in Stealth
  3052 | D:4      | Reached XP level 7. HP: 41/46 MP: 6/13
  3059 | D:4      | Learned a level 3 spell: Dazzling Spray
  3519 | D:5      | Entered Level 5 of the Dungeon
  3631 | D:5      | Noticed Eustachio
  3653 | D:5      | Killed Eustachio
  3689 | D:5      | Reached skill level 9 in Stealth
  3698 | D:5      | Reached skill level 5 in Spellcasting
  3698 | D:5      | Reached XP level 8. HP: 41/52 MP: 2/15
  3733 | D:5      | Learned a level 1 spell: Summon Butterflies
  3750 | D:5      | Found an ancient bone altar of Kikubaaqudgha.
  3756 | D:5      | Found a shattered altar of Ashenzari.
  3758 | D:5      | Found a radiant altar of Vehumet.
  3762 | D:5      | Found a white marble altar of Elyvilon.
  3763 | D:5      | Found an oddly glowing altar of Pakellas.
  4055 | D:5      | Reached skill level 1 in Summonings
  4207 | D:5      | Found a staircase to the Ecumenical Temple.
  4213 | Temple   | Entered the Ecumenical Temple
  4288 | Temple   | Became a worshipper of Dithmenos the Shadowed
  4354 | D:5      | Reached skill level 10 in Stealth
  4942 | D:6      | Reached skill level 11 in Stealth
  5077 | D:6      | Reached * piety under Dithmenos
  5084 | D:6      | Noticed Menkaure
  5114 | D:6      | Killed Menkaure
  5114 | D:6      | Reached XP level 9. HP: 12/57 MP: 2/17
  5852 | D:7      | Gained mutation: You have a pair of small antennae on your head. [potion of mutation]
  5852 | D:7      | Gained mutation: You expend magic power (3 MP) to strengthen your wands. [potion of mutation]
  5960 | D:7      | Reached skill level 12 in Stealth
  6140 | D:7      | Found a bloodstained altar of Trog.
  6168 | D:7      | Reached skill level 5 in Dodging
  6275 | D:7      | Found a deep blue altar of Sif Muna.
  6467 | D:7      | Learned a level 6 spell: Invisibility
  6490 | D:8      | Found a burning altar of Makhleb.
  6490 | D:8      | Found a basalt altar of Yredelemnul.
  6491 | D:8      | Found a hazy altar of Hepliaklqana.
  6503 | D:8      | Found a shimmering altar of Xom.
  6505 | D:8      | Found an iron altar of Okawaru.
  6505 | D:8      | Found an opulent altar of Gozag.
  6506 | D:8      | Found a hide-covered altar of Uskayaw.
  6508 | D:8      | Reached skill level 10 in Hexes
  6540 | D:8      | Reached ** piety under Dithmenos
  6586 | D:8      | Noticed Erolcha
  6587 | D:8      | Noticed Grum
  6616 | D:8      | Reached XP level 10. HP: 40/63 MP: 17/20
  6669 | D:8      | Reached skill level 13 in Stealth
  6711 | D:8      | Found a staircase to the Lair.
  6810 | D:8      | Killed Erolcha
  6871 | D:8      | Killed Grum
  7100 | D:8      | Reached skill level 14 in Stealth
  7341 | D:8      | Reached skill level 5 in Summonings
  7695 | Lair:1   | Entered Level 1 of the Lair of Beasts
  7909 | Lair:1   | Noticed an oklob plant
  7930 | Lair:1   | HP: 1/63 [oklob plant/splash of acid (12)]
  7930 | Lair:1   | Splashed by an oklob plant's acid

Vault maps used:
D:1:      ldierk_walled_garden
D:2:      roderic_whirl, mrwooster_statue_mirror, serial_bayou_crossing
D:3:      nemelex_xobeh_ov_fountains_minmay, serial_undead, serial_undead_a,
          serial_undead_b, serial_undead_a, serial_undead_d
D:5:      minitemple, minmay_temple_entry_enclosed_plants, first_bread,
          uniq_eustachio
D:6:      nrook_pool_corridor, minivault_19, uniq_menkaure
D:7:      led_sif_pool, marbit_many_paths
D:8:      grunt_temple_overflow_open, minmay_lair_entry_lava, grunt_ogre_cave,
          eino_small_chamber_without_monster, uniq_erolcha, uniq_grum
Temple:   temple_island_7
Lair:1:   minmay_lair_oklob_bushes

Skill      XL: |  1  2  3  4  5  6  7  8  9 10 |
---------------+-------------------------------+-----
Stealth        | 5 6 7 8 9 11 12 14 | 14.6
Hexes          | 5 6 7 8 9 10 11 | 11.3
Dodging        | 3 4 5 |  5.5
Spellcasting   | 3 4 5 6 7 |  7.6
Short Blades   | 2 3 4 |  4.1
Summonings     | 1 4 5 |  5.4

Action                   |  1- 3 |  4- 6 |  7- 9 | 10-12 || total
-------------------------+-------+-------+-------+-------++-------
Melee: Dagger            |   100 |   107 |   120 |       ||   327
       Bite              |     8 |    16 |    22 |    11 ||    57
       Short sword       |       |       |   119 |   100 ||   219
 Cast: Corona            |    23 |     1 |       |       ||    24
       Confuse           |     3 |    22 |    65 |    36 ||   126
       Tukima's Dance    |       |     1 |     3 |     1 ||     5
  Use: Scroll            |     7 |     1 |     6 |       ||    14
       Potion            |     7 |     5 |    13 |    12 ||    37
 Stab: Sleeping          |     8 |     5 |    24 |     7 ||    44
       Confused          |     2 |     4 |    18 |    16 ||    40
       Distracted        |       |       |     2 |     1 ||     3
Armor: Robe              |    17 |    13 |    19 |    10 ||    59
Dodge: Dodged            |    79 |    44 |   152 |    51 ||   326
